 Dungeon Crawl Stone Soup version 0.29-a0-723-gce39da1c22 (webtiles) character file.

Game seed: 15468980240971584247

2 Armakuni the Cudgeller (level 1, 0/15 HPs)
             Began as a Human Wanderer on June 28, 2022.
             Frozen to death by an endoplasm (2 damage)
             ... on level 1 of the Dungeon.
             The game lasted 00:01:05 (152 turns).

Armakuni the Cudgeller (Human Wanderer)              Turns: 152, Time: 00:01:06

Health: 0/15       AC:  3    Str: 13    XL:     1   Next: 33%
Magic:  1/1        EV: 11    Int: 10    God:
Gold:   17         SH:  0    Dex: 13    Spells: 0/0 levels left

rFire   . . .      SeeInvis .   a - +0 mace
rCold   . . .      Faith    .   (no shield)
rNeg    . . .      Spirit   .   h - +0 leather armour
rPois   .          Reflect  .   (no helmet)
rElec   .          Harm     .   (no cloak)
rCorr   .          Rampage  .   (no gloves)
Will    .....                   (no boots)
Stlth   ++........              (no amulet)
HPRegen 0.05/turn               (no ring)
MPRegen 0.07/turn               (no ring)

@: no status effects
A: no striking features
a: no special abilities


You were on level 1 of the Dungeon.
You visited 1 branch of the dungeon, and saw 1 of its levels.

You collected 17 gold pieces.

Inventory:

Hand Weapons
 a - a +0 mace (weapon)
Missiles
 e - 11 poisoned darts (quivered)
Armour
 h - a +0 leather armour (worn)
Scrolls
 g - a scroll of fear


   Skills:
 + Level 1.1 Fighting
 - Level 3.0 Maces & Flails
 - Level 2.0 Throwing
 + Level 1.1 Armour
 + Level 0.2 Dodging
 - Level 3.0 Stealth


You couldn't memorise any spells.
You didn't know any spells.
Your spell library was empty.

Dungeon Overview and Level Annotations

Branches:
Dungeon (1/15)

Altars:


Message History

The hobgoblin is severely wounded.
The hobgoblin hits you.
You hit the hobgoblin.
You kill the hobgoblin!
No target in view!
HP restored.
A ball python comes into view.
A rat comes into view.
Found a ring mail.
An endoplasm comes into view.
The helpless ball python fails to defend itself.
You hit the ball python.
The ball python is severely wounded.
The ball python barely misses you. x2; The ball python closely misses you. x2
You closely miss the ball python.
The ball python is moderately wounded.
The ball python bites you. The ball python grabs you.
The ball python constricts you.
The ball python bites you but does no damage.
The ball python constricts you.
You hit the ball python.
You kill the ball python!
The endoplasm closely misses you. The endoplasm hits you.
You hit the endoplasm.
The endoplasm is moderately wounded.
The endoplasm freezes you.
You are frozen.
The rat bites you.
You are too injured to fight recklessly!
You are too injured to fight recklessly!
You are too injured to fight recklessly!
You hit the rat.
The rat is heavily wounded.
The endoplasm freezes you.
You are frozen.
The rat bites you.
* * * LOW HITPOINT WARNING * * *
You hit the rat.
You kill the rat!
The endoplasm freezes you.
You are frozen.
You die...

#### ...##
.........#.#
....######..........#
.........##.........#
##....⌠...#.......[.#
.#........#.........#
8'........#..>......#
###########....J.†..#
................@...#
..#................##
#######...........##
# ###.......###
#.......# #.......#
#.......# #.......#
#########


You could see an endoplasm.

Vanquished Creatures
  A hobgoblin (D:1)
  A ball python (D:1)
  A rat (D:1)
3 creatures vanquished.

Notes
Turn   | Place    | Note
-------+----------+-------------------------------------------
     0 | D:1      | Armakuni the Human Wanderer began the quest for the Orb.
     0 | D:1      | Armakuni set off with the following items: a +0 dagger, an
                  | atropa-tipped dart, 2 datura-tipped darts, a +0 mace, 11
                  | poisoned darts, a +0 dagger, a scroll of fear, a +0 leather
                  | armour.
     0 | D:1      | Reached XP level 1. HP: 15/15 MP: 1/1
   152 | D:1      | Frozen to death by an endoplasm

Illustrated notes

Levels and vault maps discovered:
D:1:      giann_wishing_wells, layout_rooms, nicolae_ecumenical_snake_handling

Action                   || total
-------------------------++-------
Melee: Mace              ||     8
 Stab: Sleeping          ||     1
Armor: Leather armour    ||     1
Dodge: Dodged            ||     5

Table legend: (Time is in decaauts)
 A = Elapsed time spent in this place.
 B = Non-inter-level travel time spent in this place.
 C = Inter-level travel time spent in this place.
 D = Time resting spent in this place.
 E = Time spent auto-exploring this place.
 F = Levels seen in this place.
 G = Mean time per level.
                   A        B        C        D        E       F      G
               +--------+--------+--------+--------+--------+-----+--------+
         Total |    153 |    153 |      0 |      0 |     87 |   1 |  153.0 |
       Dungeon |    153 |    153 |      0 |      0 |     87 |   1 |  153.0 |
               +--------+--------+--------+--------+--------+-----+--------+

Top non-repeatable levels by time:
     D:1: 153 daAuts
